 Dungeon Crawl Stone Soup version 0.31-a0-1178-gc5c9b8f871 (webtiles) character file.

Game seed: 8200536647195342668

515 qw the Shooter (level 7, -10/44 HPs)
             Began as a Gargoyle Hunter on Dec 11, 2023.
             Mangled by Edmund
             ... wielding a +2 dire flail of protection
              (12 damage)
             ... on level 3 of the Dungeon.
             The game lasted 00:01:23 (2812 turns).

qw the Shooter (Gargoyle Hunter)                    Turns: 2812, Time: 00:01:24

Health: -10/44     AC: 13    Str: 14    XL:     7   Next: 20%
Magic:  0/7        EV: 11    Int: 10    God:
Gold:   183        SH:  0    Dex: 15    Spells: 6/6 levels left

rFire   . . .        a - +2 shortbow
rCold   . . .        (shield currently unavailable)
rNeg    + . .        b - +0 ring mail
rPois   inf          g - +0 helmet
rElec   +            (no cloak)
rCorr   .            h - +0 pair of gloves
SInv    .            f - +0 pair of boots
Will    .....        l - amulet of guardian spirit
Stlth   +            (no ring)
HPRegen 0.27/turn    (no ring)
MPRegen 0.10/turn

%: guardian spirit
@: no status effects
A: sickness immunity, AC +4, negative energy resistance 1, electricity
resistance, torment resistance 1, petrification resistance
a: no special abilities


You were on level 3 of the Dungeon.
You visited 1 branch of the dungeon, and saw 4 of its levels.

You collected 183 gold pieces.


Innate Abilities, Weirdness & Mutations

You are immune to sickness and miasma.
Your stone body is resilient. (AC +4)
You are immune to poison.
You resist negative energy. (rN+)
You are resistant to electric shocks. (rElec)
You are resistant to unholy torment.
You are immune to petrification.


   Skills:
 - Level 5.0 Fighting
 + Level 7.0 Ranged Weapons
 - Level 2.1 Armour
 - Level 1.5 Dodging
 - Level 1.1 Stealth


You had 6 spell levels left.
You didn't know any spells.
Your spell library was empty.

Inventory:

Hand Weapons
 a - a +2 shortbow (weapon)
Armour
 b - a +0 ring mail (worn)
 f - a +0 pair of boots (worn)
 g - a +0 helmet (worn)
 h - a +0 pair of gloves (worn)
Jewellery
 l - an amulet of guardian spirit (around neck)
Wands
 n - a wand of mindburst (9)
Potions
 e - a potion of degeneration {unknown}
 i - a potion of enlightenment {unknown}
 k - a potion of lignification {unknown}
 m - a potion of haste {unknown}

Dungeon Overview and Level Annotations

Branches:
Dungeon (4/15)
 Temple: D:4-7

Altars:
Uskayaw

Annotations:
D:3 2 transporters, Edmund; qw's ghost, amateur GrHu


Message History

Edmund hits you but does no damage. The orc barely misses you.
You shoot an arrow. The arrow hits Edmund.
Edmund is heavily wounded.
The orc closely misses you. Edmund hits you but does no damage.
You shoot an arrow.
The arrow hits Edmund but does no damage.
Edmund is heavily wounded.
Edmund says, "I might not be good at magic, but I can still kill you!"
Edmund hits you with a +2 dire flail of protection.
The orc hits you but does no damage.
You shoot an arrow.
The arrow hits Edmund but does no damage.
Edmund is heavily wounded.
Edmund says, "You wouldn't believe how much I paid for this flail."
Edmund hits you but does no damage. The orc hits you but does no damage.
Edmund closely misses you. The orc hits you but does no damage.
You shoot an arrow.
The arrow hits Edmund but does no damage.
Edmund is heavily wounded.
Edmund barely misses you. The orc completely misses you.
You shoot an arrow.
The arrow hits Edmund but does no damage.
Edmund is heavily wounded.
Edmund hits you with a +2 dire flail of protection.
The orc hits you with a +0 falchion.
You shoot an arrow. The arrow closely misses Edmund.
The orc misses you. Edmund barely misses you.
You shoot an arrow.
The arrow hits Edmund but does no damage.
Edmund is heavily wounded.
The orc hits you with a +0 falchion. Edmund hits you but does no damage.
You shoot an arrow. The arrow closely misses Edmund.
The orc hits you with a +0 falchion.
Edmund hits you with a +2 dire flail of protection.
You shoot an arrow. The arrow closely misses Edmund.
Edmund hits you with a +2 dire flail of protection.
The orc closely misses you.
Edmund hits you with a +2 dire flail of protection!
You die...
Edmund says, "I'd like to see a scythe do that!"

###.##.##>.####.##...#.........#.
#.##.##.......##...#gB.g....^#.
#.......#######....##8.....8##.
####.#### #.....#########).
#####.## #.........^......
##......### #................
.#.###....#######...#####...#....
.#.# ##.#.##....)).........###...
...# #.........@@..........#.#..
.### ###.##...o%)........#...#.#
.# #.#######...#####.#...... ##
#.# #...# #.....<.. ####.# #...#
####.#### #....#######...# #.# #.
### #.#............#### #.# #.
..# #.#.#######.......# #.###.
#.# #.#.# #...###.# #.....


You could see Edmund, a gnoll, an orc and a giant cockroach.

Vanquished Creatures
  Sigmund (D:3)
  An ogre (D:3)
  2 orc priests (D:3)
  10 gnolls
  3 adders (D:3)
  3 dart slugs
  2 worms
  8 orcs (D:3)
  7 ball pythons
  7 endoplasms
  5 giant cockroaches
  5 goblins
  5 hobgoblins
  2 jackals (D:3)
  A quokka (D:1)
  3 bats
  5 frilled lizards
  2 kobolds (D:1)
  6 rats
  A spectral kobold (D:2)
79 creatures vanquished.

Notes
Turn   | Place    | Note
-------+----------+-------------------------------------------
     0 | D:1      | qw the Gargoyle Hunter began the quest for the Orb.
     0 | D:1      | Reached XP level 1. HP: 12/12 MP: 1/1
     0 | D:1      | 0 ||| qw: Version: 0.3-a-106-g2cfff9e
     0 | D:1      | 0 ||| qw: Game counter: 2039
     0 | D:1      | 0 ||| qw: Melee chars always use a shield: true
     0 | D:1      | 0 ||| qw: God list: Okawaru
     0 | D:1      | 0 ||| qw: Allow faded altars: false
     0 | D:1      | 0 ||| qw: Do Orc after clearing Dungeon:15 true
     0 | D:1      | 0 ||| qw: Do second Lair branch before Depths: true
     0 | D:1      | 0 ||| qw: Lair rune preference: random
     0 | D:1      | 0 ||| qw: Goals: Normal, Save, Zot:1-4, Win
     0 | D:1      | 0 ||| PLANNING D:1-11
   163 | D:1      | Reached XP level 2. HP: 17/17 MP: 2/2
   702 | D:1      | 702 ||| UPGRADING to +0 pair of boots.
   707 | D:1      | 707 ||| UPGRADING to +0 helmet.
   712 | D:1      | 712 ||| READING 3 scrolls labelled IBOAPE TOSES.
   712 | D:1      | 712 ||| IDENTIFYING amethyst potion
   713 | D:1      | 713 ||| READING 2 scrolls of identify.
   713 | D:1      | 713 ||| IDENTIFYING scroll labelled DOMAKU ENNUANU
   714 | D:1      | 714 ||| READING scroll of identify.
   714 | D:1      | 714 ||| IDENTIFYING scroll labelled GUMITU FO CAO
   715 | D:1      | 715 ||| DROPPING scroll of butterflies.
   716 | D:1      | 716 ||| DROPPING scroll of fog.
   717 | D:1      | 717 ||| DROPPING scroll of silence.
   747 | D:2      | Reached XP level 3. HP: 21/21 MP: 3/3
   814 | D:2      | Reached skill level 5 in Ranged Weapons
   837 | D:2      | HP: 4/22 [gnoll/+0 spear (3)]
   838 | D:2      | Reached skill level 3 in Fighting
   838 | D:2      | Reached XP level 4. HP: 5/28 MP: 4/4
   838 | D:2      | 838 ||| DRINKING potion of heal wounds.
   863 | D:2      | Found a hide-covered altar of Uskayaw.
   881 | D:2      | Reached skill level 1 in Armour
  1023 | D:2      | Found a faded altar of an unknown god.
  1170 | D:2      | 1170 ||| UPGRADING to +0 pair of gloves.
  1175 | D:2      | 1175 ||| READING scroll of identify.
  1175 | D:2      | 1175 ||| IDENTIFYING green potion
  1176 | D:2      | 1176 ||| READING 3 scrolls labelled TYVIUFR RAYMM.
  1180 | D:2      | 1180 ||| READING scroll labelled MEODEM NECWI.
  1180 | D:2      | 1180 ||| ENCHANTING +0 shortbow.
  1181 | D:2      | 1181 ||| DRINKING 2 sapphire potions.
  1182 | D:2      | 1182 ||| DRINKING potion of curing.
  1182 | D:2      | 1182 ||| (to cure confusion)
  1183 | D:2      | 1183 ||| DROPPING potion of ambrosia.
  1250 | D:3      | 1250 ||| Stepping ~*~*~tactically~*~*~ (retreating).
  1257 | D:3      | Reached XP level 5. HP: 19/32 MP: 5/5
  1338 | D:3      | Found a transporter.
  1345 | D:3      | Found a transporter.
  1346 | D:3      | Noticed qw's ghost (amateur GrHu)
  1421 | D:3      | 1421 ||| UPGRADING to +0 ring mail.
  1434 | D:3      | 1434 ||| DROPPING +0 leather armour.
  1608 | D:3      | Reached skill level 6 in Ranged Weapons
  1616 | D:3      | HP: 8/32 [gnoll/+0 spear (3)]
  1617 | D:3      | 1617 ||| READING 2 scrolls of teleportation.
  1618 | D:3      | 1618 ||| DRINKING potion of heal wounds.
  1620 | D:3      | Noticed Sigmund
  1653 | D:3      | HP: 5/32 [Sigmund/+0 scythe of pain (7)]
  1654 | D:3      | 1654 ||| READING scroll of teleportation.
  1656 | D:3      | Killed Sigmund
  1657 | D:3      | Reached XP level 6. HP: 8/40 MP: 6/6
  1784 | D:3      | 1784 ||| UPGRADING to amulet of guardian spirit.
  1985 | D:3      | 1985 ||| FLEEEEING.
  1986 | D:3      | 1986 ||| FLEEEEING.
  1987 | D:3      | 1987 ||| FLEEEEING.
  1988 | D:3      | 1988 ||| FLEEEEING.
  1989 | D:3      | 1989 ||| FLEEEEING.
  1990 | D:3      | 1990 ||| FLEEEEING.
  2007 | D:3      | 2007 ||| FLEEEEING.
  2008 | D:3      | 2008 ||| FLEEEEING.
  2009 | D:3      | 2009 ||| FLEEEEING.
  2010 | D:3      | 2010 ||| FLEEEEING.
  2015 | D:3      | 2015 ||| STAIRDANCE
  2043 | D:2      | 2043 ||| READING scroll labelled KET AMYTAP.
  2044 | D:2      | 2044 ||| READING scroll labelled HACYAG LEVOFE.
  2045 | D:2      | 2045 ||| READING scroll labelled QEOFEU CABRU.
  2115 | D:3      | 2115 ||| READING scroll of enchant weapon.
  2115 | D:3      | 2115 ||| ENCHANTING +1 shortbow.
  2377 | D:3      | 2377 ||| READING scroll of identify.
  2377 | D:3      | 2377 ||| IDENTIFYING cyan potion
  2378 | D:3      | 2378 ||| READING scroll labelled VYOCOWNINA.
  2379 | D:3      | 2379 ||| READING scroll labelled ZOIZYDD ICKO.
  2480 | D:3      | 2480 ||| DROPPING potion of invisibility.
  2506 | D:4      | 2506 ||| STAIRDANCE
  2519 | D:4      | 2519 ||| STAIRDANCE
  2519 | D:4      | Noticed Edmund
  2535 | D:3      | HP: 10/40 [gnoll/+0 flail (2)]
  2539 | D:3      | HP: 4/40 [gnoll/+0 flail (4)]
  2680 | D:4      | 2680 ||| STAIRDANCE
  2691 | D:3      | Reached skill level 7 in Ranged Weapons
  2691 | D:3      | Reached XP level 7. HP: 17/44 MP: 2/7
  2792 | D:4      | 2792 ||| STAIRDANCE
  2805 | D:3      | HP: 10/44 [Edmund/+2 dire flail of protection (4)]
  2810 | D:3      | HP: 7/44 [orc/+0 falchion (2)]
  2812 | D:3      | HP: 2/44 [Edmund/+2 dire flail of protection (3)]
  2812 | D:3      | Mangled by Edmund

Levels and vault maps discovered:
D:1:      nzn_arrival_crosshair, layout_basic, wad_floor_pattern_untrapped
D:2:      layout_rooms, dreamdust_ecumenical_altar_drowned_temple, basic_altar
D:3:      layout_loops_cross, gammafunk_ghost_arena, minmay_increasing_density,
          uniq_sigmund
D:4:      layout_rooms, kennysheep_generic_room_7, uniq_edmund

Skill      XL: |  1  2  3  4  5  6 |
---------------+-------------------+-----
Ranged Weapons | 5 6 7 |  7.0
Fighting       | 3 5 |  5.0
Armour         | 1 2 |  2.1
Dodging        | |  1.5
Stealth        | |  1.1

Action                     |  1- 3 |  4- 6 |  7- 9 || total
---------------------------+-------+-------+-------++-------
   Fire: Shortbow          |    93 |   196 |    19 ||   308
    Use: Scroll            |     3 |    12 |       ||    15
         Potion            |       |     4 |       ||     4
 Armour: Leather armour    |    23 |    20 |       ||    43
         Ring mail         |       |   154 |    29 ||   183
         Skin              |       |     2 |       ||     2
  Dodge: Dodged            |    19 |   139 |    19 ||   177

Table legend:
 A = Non-vault XP
 B = Vault XP
 C = Vault XP percentage of total XP
 D = Non-vault monster count
 E = Vault monster count
 F = Vault count percentage of total count
                 A         B        C        D         E       F
            +---------+---------+-------+---------+---------+-------
      Total |     481 |     256 |  34.7 |      69 |      10 |  12.7
            +---------+---------+-------+---------+---------+-------
        D:1 |      33 |       0 |   0.0 |      20 |       0 |   0.0
        D:2 |      72 |       1 |   1.4 |      12 |       1 |   7.7
        D:3 |     374 |     255 |  40.5 |      36 |       9 |  20.0
        D:4 |       2 |       0 |   0.0 |       1 |       0 |   0.0
            +---------+---------+-------+---------+---------+-------
